Map: [ESL] Cosmic Sapphire

Players

MaNa - Winner!

  • Race: Protoss Protoss
  • Spawn Location: 11:00

ForJumy

  • Race: Protoss Protoss
  • Spawn Location: 5:00

Event: DreamHack SC2 Masters 2022 Valencia

VOD

Have the link to the VOD?

Description

Time

  • Played on: July 1, 2022, 4:53 p.m.
  • Length: 8:21

All games in this series

Show
View Real Time Build Order
Export as new Build Order

MaNa Protoss - Winner!

Build Orders: Oracle Opening 

Get SALT Encoding   

  12  0:00  Probe  
  13  0:12  Probe  
  14  0:17  Pylon  
  14  0:24  Probe (Chrono Boost)  
  15  0:37  Probe (Chrono Boost)  
  15  0:38  Gateway  
  16  0:43  Probe (Chrono Boost)  
  16  0:46  Assimilator  
  17  0:51  Probe  
  18  1:03  Probe (Chrono Boost)  
  19  1:04  Assimilator  
  19  1:11  Gateway  
  19  1:12  Probe (Chrono Boost)  
  19  1:17  Probe (Chrono Boost)  
  21  1:25  Cybernetics Core  
  21  1:29  Probe  
  22  1:38  Pylon  
  22  1:41  Probe  
  23  2:02  Stalker x2  
  23  2:03  Warp Gate (Chrono Boost)  
  27  2:20  Pylon  
  27  2:22  Stargate  
  27  2:36  Stalker  
  29  2:39  Stalker  
  31  3:04  Oracle (Chrono Boost)  
  31  3:07  Nexus  
  31  3:11  Probe  
  35  3:23  Probe  
  35  3:26  Pylon  
  35  3:35  Probe  
  35  3:37  Shield Battery  
  36  3:44  Stalker  
  36  3:47  Probe  
  39  3:51  Adept  
  38  3:59  Probe  
  39  4:04  Oracle  
  42  4:11  Probe (Chrono Boost)  
  42  4:16  Twilight Council  
  43  4:20  Adept  
  43  4:22  Probe (Chrono Boost)  
  46  4:28  Probe (Chrono Boost)  
  46  4:30  Probe  
  48  4:39  Stalker  
  48  4:40  Probe  
  48  4:42  Probe  
  52  4:46  Stalker  
  54  4:54  Blink (Chrono Boost)  
  54  4:55  Probe x2  
  56  5:07  Probe x2  
  58  5:16  Pylon  
  58  5:18  Pylon  
  58  5:19  Probe  
  58  5:20  Probe  
  60  5:32  Probe  
  59  5:39  Probe  
  57  5:45  Probe  
  54  5:51  Stalker x2, Probe  
  59  5:58  Gateway  
  59  6:00  Gateway  
  59  6:05  Robotics Facility  
  59  6:07  Gateway  
  59  6:09  Gateway  
  59  6:15  Nexus, Shield Battery  
  59  6:17  Probe x2  
  61  6:21  Stalker  
  61  6:24  Stalker  
  65  6:28  Pylon  
  64  6:37  Probe x2  
  64  6:51  Stalker x2  
  64  6:57  Stalker x2  
  64  7:01  Probe  
  64  7:08  Stalker x2  
  68  7:11  Probe  
  68  7:13  Forge  
  68  7:15  Stalker x2, Assimilator  
  72  7:21  Adept x2  
  77  7:27  Probe  
  77  7:28  Probe x2  
  80  7:32  Observer  
  81  7:40  Probe  
  80  7:45  Probe x2  
  80  7:47  Stalker x2  
  86  7:52  Probe  
  86  7:57  Probe  
  84  8:01  Probe  
  81  8:07  Probe  
  83  8:15  Stalker x4  
Show
View Real Time Build Order
Export as new Build Order

ForJumy Protoss 

Build Orders:  

Get SALT Encoding   

  12  0:00  Probe  
  13  0:12  Probe  
  14  0:16  Pylon  
  14  0:24  Probe  
  15  0:34  Gateway  
  15  0:36  Probe (Chrono Boost)  
  16  0:46  Probe (Chrono Boost), Assimilator  
  17  0:51  Probe (Chrono Boost)  
  17  0:54  Assimilator  
  18  1:03  Probe (Chrono Boost)  
  19  1:09  Gateway  
  20  1:12  Probe (Chrono Boost)  
  20  1:17  Probe (Chrono Boost)  
  20  1:24  Cybernetics Core  
  21  1:29  Probe  
  22  1:37  Pylon  
  22  1:41  Probe  
  23  1:55  Probe  
  24  2:01  Stalker  
  24  2:03  Warp Gate (Chrono Boost)  
  24  2:04  Stalker  
  28  2:12  Pylon  
  28  2:16  Probe  
  29  2:31  Probe  
  29  2:33  Adept  
  29  2:34  Adept  
  34  2:53  Nexus  
  34  3:00  Pylon  
  34  3:05  Sentry  
  36  3:06  Sentry  
  36  3:08  Probe  
  39  3:18  Shield Battery  
  39  3:22  Probe  
  40  3:35  Probe  
  40  3:36  Twilight Council  
  39  3:44  Stalker x2  
  41  4:05  Probe (Chrono Boost)  
  41  4:07  Stalker x2  
  41  4:09  Probe (Chrono Boost)  
  47  4:19  Probe (Chrono Boost)  
  47  4:20  Probe (Chrono Boost)  
  47  4:21  Shield Battery  
  47  4:24  Probe (Chrono Boost)  
  48  4:27  Probe  
  50  4:32  Blink (Chrono Boost)  
  50  4:35  Probe  
  50  4:37  Stalker  
  53  4:39  Probe  
  54  4:46  Forge  
  54  4:47  Probe  
  54  4:51  Probe, Phoenix  
  56  4:54  Stalker  
  56  4:59  Probe  
  55  5:02  Stalker  
  55  5:03  Probe  
  58  5:07  Gateway  
  58  5:11  Probe  
  58  5:12  Pylon  
  59  5:15  Probe  
  59  5:16  Assimilator  
  59  5:20  Protoss Ground Weapons Level 1  
  60  5:23  Probe  
  61  5:34  Pylon, Probe  
  58  5:37  Probe  
  58  5:41  Shield Battery  
  54  5:43  Stalker x2  
  54  5:46  Probe  
  57  5:56  Probe  
  57  6:04  Adept  
  59  6:07  Nexus  
  59  6:09  Adept  
  61  6:11  Pylon  
  61  6:13  Probe  
  63  6:18  Probe  
  63  6:19  Charge  
  63  6:22  Robotics Facility  
  63  6:27  Pylon  
  63  6:35  Probe  
  64  6:45  Stalker x2  
  68  6:47  Probe  
  63  6:58  Stalker  
  63  6:59  Probe  
  64  7:06  Shield Battery  
  62  7:08  Gateway  
  62  7:10  Probe  
  62  7:11  Probe  
  62  7:14  Gateway  
  62  7:15  Observer  
  63  7:21  Gateway  
  63  7:22  Probe (Chrono Boost)  
  64  7:26  Pylon  
  64  7:27  Probe (Chrono Boost)  
  64  7:28  Sentry, Probe (Chrono Boost)  
  68  7:33  Photon Cannon, Probe (Chrono Boost)  
  68  7:35  Stalker  
  69  7:40  Stalker  
  64  7:47  Gateway  
  68  7:55  Stalker  
  65  8:05  Stalker x2  
  55  8:15  Stalker x2  

Tags
 
Add a new tag
Caveats
  • Supply blocks, unpowered buildings, or Contaminate may cause inaccurate times.
  • Supply counts are checked every 10 seconds.